 Dungeon Crawl Stone Soup version 0.22-a0-76-gd698a02 (webtiles) character file.

1953 KristoblXynda the Destroyer (level 8, -3/57 HPs)
             Began as a Purple Draconian Conjurer on Jan 13, 2018.
             Slain by a wyvern zombie (12 damage)
             ... in an ossuary.
             The game lasted 00:20:29 (8800 turns).

KristoblXynda the Destroyer (DrCj)                  Turns: 8800, Time: 00:20:29

Health: -3/57      AC: 13    Str: 16    XL:     8   Next: 99%
Magic:  1/20       EV: 17    Int: 19    God:
Gold:   207        SH:  0    Dex: 12    Spells: 12/23 levels left

rFire    . . .     SeeInvis .   u - +2 dagger (holy)
rCold    . . .     Gourm    .   (no shield)
rNeg     . . .     Faith    .   (armour unavailable)
rPois    .         Spirit   .   (helmet restricted)
rElec    .         Reflect  .   (no cloak)
rCorr    .         Harm     .   e - +0 pair of gloves
MR       +....                  j - +2 pair of boots
Stlth    +++.......             (no amulet)
HPRegen  0.19/turn              p - ring of wizardry
MPRegen  0.17/turn              n - ring of Foolhardiness {AC+3 Str+6 Dex-4}

@: agile
A: breathe power, unfitting armour, cold-blooded, AC +6
a: Breathe Dispelling Energy


You were in an ossuary.
You were hungry.

You visited 2 branches of the dungeon, and saw 8 of its levels.
You also visited: Ossuary.

You collected 405 gold pieces.
You spent 198 gold pieces at shops.

Inventory:

Hand Weapons
 u - a +2 dagger of holy wrath (weapon)
Armour
 e - a +0 pair of gloves (worn)
 g - a +0 buckler
 j - a +2 pair of boots (worn)
Magical Staves
 x - an uncursed staff of conjuration
Jewellery
 n - the ring of Foolhardiness (right hand) {AC+3 Str+6 Dex-4}
   (You found it on level 5 of the Dungeon)

   [ring of protection]

   It affects your AC (+3).
   It affects your strength (+6).
   It affects your dexterity (-4).
 p - a ring of wizardry (left hand)
 w - an uncursed amulet of guardian spirit {unknown}
Wands
 l - a wand of polymorph (18)
 t - a wand of digging (3)
Scrolls
 c - 6 scrolls of teleportation
 i - 3 scrolls of remove curse
Potions
 d - a potion of heal wounds
 f - a potion of agility
 h - a potion of magic
 k - a potion of brilliance
 s - a potion of resistance
Books
 a - a book of Conjurations

   Spells                             Type                      Level
   a - Magic Dart                     Conjuration                  1
   b - Searing Ray                    Conjuration                  2
   c - Dazzling Spray                 Conjuration/Hexes            3
   d - Fulminant Prism                Conjuration/Hexes            4
   e - Force Lance                    Conjuration/Translocation    4
   f - Iskenderun's Mystic Blast      Conjuration                  4
 m - a book of Maledictions

   Spells                             Type                      Level
   a - Corona                         Hexes                        1
   b - Ensorcelled Hibernation        Hexes/Ice                    2
   c - Confuse                        Hexes                        3
   d - Tukima's Dance                 Hexes                        3
   e - Dazzling Spray                 Conjuration/Hexes            3
 o - a book of Battle

   Spells                             Type                      Level
   a - Infusion                       Charms                       1
   b - Shroud of Golubria             Charms/Translocation         2
   c - Song of Slaying                Charms                       2
   d - Spectral Weapon                Hexes/Charms                 3
   e - Regeneration                   Charms/Necromancy            3
 q - a book of Misfortune

   Spells                             Type                      Level
   a - Confusing Touch                Hexes                        1
   b - Confuse                        Hexes                        3
   c - Gell's Gravitas                Translocation                3
   d - Petrify                        Transmutation/Earth          4
   e - Metabolic Englaciation         Hexes/Ice                    5
   f - Yara's Violent Unravelling     Hexes/Transmutation          5
 r - a book of Callings

   Spells                             Type                      Level
   a - Summon Small Mammal            Summoning                    1
   b - Call Imp                       Summoning                    2
   c - Call Canine Familiar           Summoning                    3
   d - Summon Guardian Golem          Hexes/Summoning              3
   e - Summon Lightning Spire         Summoning/Air                4
   f - Summon Ice Beast               Ice/Summoning                4
Comestibles
 b - 12 rations


   Skills:
 - Level 1.7 Dodging
 - Level 1.7 Stealth
 + Level 8.1 Spellcasting
 + Level 8.2 Conjurations
 + Level 3.6 Hexes
 + Level 4.9 Evocations


You had 12 spell levels left.
You knew the following spells:

 Your Spells              Type           Power        Failure   Level  Hunger
a - Magic Dart            Conj           ####         1%          1    None
b - Dazzling Spray        Conj/Hex       ####..       1%          3    None
c - Iskenderun's Mystic   Conj           #####...     1%          4    ###....
d - Tukima's Dance        Hex            ###.....     2%          3    None


Dungeon Overview and Level Annotations

Branches:
Dungeon (7/15)             Temple (1/1) D:4

Altars:
Ashenzari
Dithmenos
Elyvilon
Fedhas
Gozag
Hepliaklqana
Kikubaaqudgha
Makhleb
Nemelex Xobeh
Qazlal
Ru
Sif Muna
Trog
Uskayaw
Wu Jian
Xom
Yredelemnul
The Shining One

Shops:
D:4 [   D:5 [

Annotations:
D:3 1 runed door


Innate Abilities, Weirdness & Mutations

You can breathe bolts of dispelling energy.
Your rich purple scales are hard. (AC +6)
You cannot fit into any form of body armour.
You are cold-blooded and may be slowed by cold attacks.


Message History

Unknown command.
Casting: Iskenderun's Mystic Blast
Confirm with . or Enter, or press ? or * to list all spells.
Aiming: Iskenderun's Mystic Blast
Press: ? - help, Shift-Dir - straight line, f/p - wyvern zombie
Aim: a wyvern zombie (heavily damaged)
The orb of energy hits the wyvern zombie.
The wyvern zombie is heavily damaged.
The wyvern zombie completely misses you.
You hit the bog mummy.
The bog mummy convulses.
You destroy the bog mummy!
The wyvern zombie bites you but does no damage.
The wyvern zombie closely misses you.
You barely miss the wyvern zombie.
The wyvern zombie is heavily damaged.
The wyvern zombie completely misses you.
You hit the wyvern zombie.
The wyvern zombie convulses.
The wyvern zombie is severely damaged.
The wyvern zombie bites you!
You die...

#≈#≈≈##
≈M.P≈≈#
#####M≈≈≈≈#≈
#∩..#≈.P≈#≈#
#.@.#M#≈≈≈
#Z..#Z≈.#
#'##'##'##≈#≈#
.......≈≈≈≈'.#
'#'#+#'#≈#'###
#.#.≈P#
#######


You could see a wyvern zombie.

Vanquished Creatures
  Grinder (D:6)
  2 ice beasts
  A phantom (D:6)
  A sky beast (D:6)
  A bullfrog (D:7)
  A scorpion (D:4)
  A howler monkey (D:4)
  2 bullfrog zombies (Ossuary)
  12 mummies (Ossuary)
  2 bullfrog skeletons (D:4)
  2 orc priests (D:5)
  2 hounds
  An iguana (D:4)
  8 orc wizards
  5 worker ants
  A killer bee zombie (Ossuary)
  A hound zombie (Ossuary)
  A worker ant zombie (Ossuary)
  A howler monkey zombie (Ossuary)
  14 adders
  4 gnolls (D:4)
  2 oozes
  An adder zombie (D:6)
  5 worms
  2 dart slugs
  2 leopard geckos
  23 orcs
  8 bats
  6 giant cockroaches
  8 hobgoblins
  4 jackals
  4 kobolds
  2 quokkas (D:6)
  7 frilled lizards
  11 goblins
  A jackal zombie (Ossuary)
  A leopard gecko skeleton (D:5)
  A quokka zombie (Ossuary)
  5 rats
157 creatures vanquished.

Vanquished Creatures (collateral kills)
  Edmund (D:6)
1 creature vanquished.

Vanquished Creatures (others)
  A dancing weapon (D:6)
  3 withered plants (Ossuary)
4 creatures vanquished.

Grand Total: 162 creatures vanquished

Notes
Turn   | Place    | Note
-------+----------+-------------------------------------------
     0 | D:1      | KristoblXynda the Draconian Conjurer began the quest for the Orb.
     0 | D:1      | Reached XP level 1. HP: 14/14 MP: 3/3
   373 | D:1      | Reached XP level 2. HP: 20/20 MP: 0/5
  1070 | D:2      | Found a sparkling altar of Nemelex Xobeh.
  1171 | D:2      | Reached XP level 3. HP: 24/26 MP: 2/7
  1363 | D:2      | Learned a level 3 spell: Dazzling Spray
  1613 | D:2      | Found a shattered altar of Ashenzari.
  1742 | D:2      | Found an ancient bone altar of Kikubaaqudgha.
  1742 | D:2      | Found a hide-covered altar of Uskayaw.
  1743 | D:2      | Found a deep blue altar of Sif Muna.
  2028 | D:2      | Reached XP level 4. HP: 33/33 MP: 2/8
  2215 | D:3      | Learned a level 4 spell: Iskenderun's Mystic Blast
  2311 | D:3      | Reached skill level 5 in Conjurations
  2656 | D:3      | Found a glowing golden altar of the Shining One.
  2886 | D:3      | Found a blossoming altar of Fedhas.
  2907 | D:3      | Found a bloodstained altar of Trog.
  2981 | D:3      | Found a glowing golden altar of the Shining One.
  2986 | D:3      | Noticed an angel
  2987 | D:3      | Found a runed door.
  3077 | D:4      | Reached XP level 5. HP: 38/38 MP: 8/10
  3224 | D:4      | HP: 1/38 [something/magic dart (8)]
  3293 | D:4      | Reached XP level 6. HP: 18/45 MP: 0/12
  3456 | D:4      | Found Sutriaf's Armour Emporium.
  3584 | D:4      | Found a staircase to the Ecumenical Temple.
  3594 | Temple   | Entered the Ecumenical Temple
  3856 | D:4      | Bought a +2 pair of boots for 198 gold pieces
  4786 | D:4      | Reached skill level 5 in Spellcasting
  4883 | D:4      | Your scales start taking on a rich purple colour.
  4883 | D:4      | Reached XP level 7. HP: 46/50 MP: 2/16
  5141 | D:5      | Entered Level 5 of the Dungeon
  5286 | D:5      | Reached skill level 1 in Evocations
  5287 | D:5      | Found Soukag's Armour Shop.
  5329 | D:5      | Got a brightly glowing marble ring
  5330 | D:5      | Identified the ring of Foolhardiness {AC+3 Str+6 Dex-4} (You found it on level 5 of the Dungeon)
  6566 | D:6      | Found a sacrificial altar of Ru.
  6741 | D:6      | Learned a level 3 spell: Tukima's Dance
  6757 | D:6      | Reached XP level 8. HP: 49/57 MP: 9/18
  6963 | D:6      | Noticed Edmund
  6978 | D:6      | Killed Edmund
  6978 | D:6      | Reached skill level 1 in Hexes
  7987 | D:6      | Noticed Grinder
  7997 | D:6      | Killed Grinder
  8465 | D:7      | Found a sand-covered staircase.
  8473 | Ossuary  | Entered an ossuary
  8800 | Ossuary  | Slain by a wyvern zombie

Vault maps used:
D:1:      dpeg_arrival_refuge
D:2:      overflow_temple_1_default, ashenzari_conservatory_becter,
          gammafunk_temple_overflow_forgotten, minmay_misc_feat_secret_circle
D:3:      overflow_temple_1_default, nicolae_overflow_hidden_temple,
          overflow_temple_1_default, nrook_loot_triangle,
          hangedman_abyss_or_decor_lesser_grid, minmay_misc_feat_hallway,
          lemuel_angel_altar
D:4:      minmay_temple_entry_overgrown, portal_sewer_entry_d, first_ration,
          serial_shops, nicolae_shop_window_shopping
D:5:      serial_shops, shop, minmay_misc_feat_iff, serial_bayou_pond_d
D:6:      nicolae_ru_great_annihilating_truth, uniq_edmund, uniq_grinder
D:7:      old_standard_altar, lemuel_doored_altar, serial_shops, shop,
          chequers_ossuary_entry_cave, grunt_ogre_cave, fountainhead,
          minivault_26, bloody_trog
Temple:   nicolae_temple_figure_zero
Ossuary:  ossuary_zaba_flooded

Skill      XL: |  1  2  3  4  5  6  7  8 |
---------------+-------------------------+-----
Spellcasting   | 3 4 6 7 8 |  8.1
Conjurations   | 5 6 7 8 |  8.2
Evocations     | 3 4 |  4.9
Hexes          | 3 |  3.6
Dodging        | |  1.7
Stealth        | |  1.7

Action                   |  1- 3 |  4- 6 |  7- 9 || total
-------------------------+-------+-------+-------++-------
Melee: Dagger            |    60 |    95 |   155 ||   310
       Unarmed           |     2 |       |       ||     2
       Tailslap          |     5 |    11 |    19 ||    35
       Staff             |       |       |     1 ||     1
 Cast: Magic Dart        |    82 |   128 |   178 ||   388
       Iskenderun's Myst |       |     6 |    12 ||    18
       Tukima's Dance    |       |       |     4 ||     4
 Abil: Breathe Dispellin |       |       |     9 ||     9
Evoke: Wand              |       |       |     2 ||     2
  Use: Scroll            |     1 |    13 |     5 ||    19
       Potion            |       |     7 |     2 ||     9
  Eat: Chunk             |     4 |     7 |     7 ||    18
       Ration            |       |     1 |     2 ||     3
Armor: Skin              |    25 |    56 |    78 ||   159
Dodge: Dodged            |    42 |    88 |   112 ||   242

Table legend:
 A = Spawn XP
 B = Non-spawn XP
 C = Spawn XP percentage of total XP
 D = Spawn monster count
 E = Non-spawn monster count
 F = Spawn count percentage of total count
 G = Total turns spent on level
                    A         B        C        D         E        F      G
               +---------+---------+-------+---------+---------+-------+---------
         Total |       0 |    2790 |   0.0 |       0 |     158 |   0.0 |  8800
               +---------+---------+-------+---------+---------+-------+---------
           D:1 |       0 |      32 |   0.0 |       0 |      19 |   0.0 |   981
           D:2 |       0 |      66 |   0.0 |       0 |      23 |   0.0 |  1228
           D:3 |       0 |      97 |   0.0 |       0 |      15 |   0.0 |   827
           D:4 |       0 |     591 |   0.0 |       0 |      32 |   0.0 |  1896
           D:5 |       0 |     409 |   0.0 |       0 |      17 |   0.0 |  1386
           D:6 |       0 |    1042 |   0.0 |       0 |      31 |   0.0 |  1848
           D:7 |       0 |      93 |   0.0 |       0 |       1 |   0.0 |    98
       Ossuary |       0 |     460 |   0.0 |       0 |      20 |   0.0 |   327
               +---------+---------+-------+---------+---------+-------+---------
